Map: Acropolis LE

Players

Takker - Winner!

  • Race: Protoss Protoss
  • Spawn Location: 11:00

OLEGGG

  • Race: Terran Terran
  • Spawn Location: 5:00

VOD

Have the link to the VOD?

Description

Time

  • Played on: May 26, 2019, 1:56 p.m.
  • Length: 12:10
Show
View Real Time Build Order
Export as new Build Order

Takker Protoss - Winner!

Build Orders:  

Get SALT Encoding   

  12  0:03  Probe  
  13  0:15  Probe  
  14  0:27  Probe  
  15  0:38  Pylon  
  15  0:56  Probe  
  16  1:00  Pylon  
  16  1:08  Probe  
  17  1:16  Gateway  
  17  1:20  Assimilator, Probe  
  18  1:26  Assimilator  
  18  1:32  Probe  
  19  1:44  Probe  
  20  1:53  Probe  
  20  1:57  Zealot  
  21  2:01  Probe  
  24  2:11  Probe  
  25  2:15  Zealot  
  25  2:23  Cybernetics Core, Probe  
  28  2:35  Probe  
  29  2:41  Zealot  
  31  3:10  Nexus  
  31  3:29  Pylon  
  31  3:36  Pylon  
  31  3:47  Zealot, Probe, Gateway  
  34  3:49  Pylon  
  34  3:54  Pylon  
  34  3:59  Probe  
  34  4:00  Stargate  
  34  4:11  Probe  
  34  4:14  Zealot  
  36  4:23  Probe  
  37  4:29  Probe  
  38  4:32  Protoss Air Weapons Level 1  
  38  4:35  Probe  
  39  4:41  Zealot, Probe  
  42  4:47  Probe  
  42  4:50  Sentry  
  45  4:54  Probe  
  45  4:56  Void Ray  
  45  4:59  Probe  
  51  5:06  Probe  
  52  5:08  Zealot  
  52  5:10  Assimilator  
  52  5:12  Probe  
  55  5:16  Assimilator, Sentry  
  55  5:18  Probe  
  58  5:23  Pylon  
  58  5:24  Probe  
  59  5:35  Zealot  
  61  5:38  Pylon  
  61  5:42  Stalker, Pylon  
  63  5:49  Probe  
  64  6:01  Probe  
  64  6:02  Zealot  
  67  6:08  Void Ray  
  71  6:12  Stalker  
  71  6:13  Probe  
  74  6:25  Stalker, Probe  
  77  6:36  Sentry, Forge  
  77  6:37  Probe  
  80  6:48  Protoss Air Armor Level 1  
  80  6:49  Fleet Beacon, Probe  
  80  6:50  Sentry  
  81  6:58  Zealot  
  85  7:13  Stargate  
  85  7:15  Stargate  
  85  7:16  Zealot  
  85  7:17  Pylon  
  85  7:19  Pylon  
  85  7:22  Pylon  
  87  7:26  Pylon  
  87  7:29  Stalker, Pylon  
  89  7:32  Void Ray  
  93  7:37  Protoss Ground Weapons Level 1  
  93  7:43  Stalker  
  95  8:04  Tempest  
  95  8:05  Nexus  
  100  8:09  Carrier  
  106  8:21  Probe x2  
  108  8:39  Stalker x2  
  112  8:47  Assimilator  
  112  8:52  Assimilator  
  112  9:05  Probe  
  112  9:07  Probe  
  112  9:09  Stalker x2  
  118  9:11  Nexus  
  118  9:13  Warp Gate  
  118  9:15  Assimilator  
  119  9:17  Assimilator, Probe  
  119  9:19  Probe  
  119  9:22  Probe  
  121  9:29  Probe  
  122  9:34  Probe  
  123  9:46  Protoss Ground Armor Level 1, Probe  
  124  9:58  Probe  
  125  10:00  Mothership  
  133  10:10  Probe  
  134  10:23  Probe  
  134  10:24  Probe  
  136  10:35  Probe  
  137  10:36  Probe  
  137  10:39  Tempest  
  137  10:40  Tempest x2  
  153  10:47  Probe  
  153  10:49  Probe  
  155  11:01  Probe  
  152  11:13  Probe  
  149  11:26  Tempest  
  149  11:27  Tempest  
  165  11:42  Probe  
  166  11:54  Probe  
Show
View Real Time Build Order
Export as new Build Order

OLEGGG Terran 

Build Orders:  

Get SALT Encoding   

  12  0:02  SCV  
  13  0:14  SCV  
  14  0:30  SCV, Supply Depot  
  15  0:48  Refinery  
  15  0:52  SCV  
  16  1:00  Supply Depot  
  17  1:04  SCV  
  17  1:16  SCV  
  18  1:26  Refinery  
  18  1:28  SCV  
  19  1:39  Engineering Bay  
  19  1:40  SCV  
  20  1:52  SCV  
  21  2:04  SCV  
  21  2:05  Barracks  
  22  2:16  SCV  
  23  2:28  SCV  
  24  2:36  Terran Infantry Weapons Level 1  
  24  2:41  SCV  
  25  2:53  SCV  
  25  2:54  Reaper  
  27  3:05  SCV  
  28  3:06  Barracks  
  28  3:17  SCV  
  29  3:26  Reaper  
  30  3:29  SCV  
  31  3:39  Command Center  
  31  3:53  Supply Depot  
  31  4:14  SCV, Marine  
  31  4:16  Supply Depot  
  32  4:28  Command Center  
  32  4:32  Marine  
  33  4:40  Supply Depot  
  33  4:44  Factory, Barracks Tech Lab  
  33  4:50  Marine  
  34  4:58  SCV  
  35  5:06  Refinery  
  35  5:08  Marine  
  35  5:11  SCV  
  37  5:23  SCV  
  37  5:25  Marine  
  39  5:29  Refinery  
  39  5:35  Armory, SCV  
  40  5:43  Marine  
  40  5:46  Marauder  
  40  5:47  SCV, Starport  
  44  5:58  SCV  
  45  6:08  Marauder  
  45  6:09  Refinery  
  45  6:10  SCV  
  48  6:21  SCV  
  48  6:22  SCV  
  50  6:27  Terran Vehicle Weapons Level 1  
  50  6:29  Marauder, Starport Tech Lab  
  52  6:33  SCV  
  52  6:34  SCV  
  52  6:35  Refinery  
  52  6:39  Fusion Core  
  54  6:45  SCV  
  54  6:46  SCV  
  56  6:48  Starport  
  56  6:51  Marauder  
  58  6:57  SCV  
  58  6:58  SCV  
  54  7:09  SCV  
  54  7:10  SCV  
  54  7:12  Marauder  
  58  7:17  Banshee  
  61  7:23  SCV  
  61  7:25  Starport  
  61  7:27  Starport Tech Lab  
  62  7:32  Terran Infantry Weapons Level 2  
  62  7:35  SCV  
  63  7:37  SCV  
  64  7:47  SCV  
  64  7:49  SCV  
  66  7:53  Command Center  
  66  7:59  SCV, Banshee  
  66  8:01  SCV  
  71  8:05  Starport Tech Lab  
  71  8:11  SCV  
  72  8:13  SCV  
  73  8:23  SCV  
  73  8:25  SCV  
  81  8:27  Battlecruiser  
  81  8:35  SCV  
  81  8:38  SCV  
  83  8:47  SCV  
  84  8:52  Supply Depot  
  84  9:01  Command Center  
  84  9:05  Battlecruiser x2  
  96  9:13  Command Center  
  96  9:16  SCV, Supply Depot  
  97  9:32  SCV  
  98  9:38  Supply Depot  
  98  9:44  SCV  
  99  9:48  Terran Infantry Armor Level 1  
  99  9:56  SCV  
  100  10:08  SCV  
  100  10:09  Battlecruiser  
  100  10:10  Battlecruiser  
  113  10:18  Battlecruiser  
  113  10:20  SCV  
  120  10:37  Starport  
  120  10:43  SCV  
  121  10:51  Refinery  
  121  10:55  SCV, Refinery  
  112  11:07  SCV  
  99  11:19  SCV  
  88  11:31  SCV  
Tags
 
Matchup
PvT
Replay Pack
Up to May 28th
Spawn Locations
Cross Positions
Add a new tag
Caveats
  • Supply blocks, unpowered buildings, or Contaminate may cause inaccurate times.
  • Supply counts are checked every 10 seconds.